 Dungeon Crawl Stone Soup version 0.32-a0-131-g9dbbe29261 (webtiles) character file.

Game seed: 18428924972361761399

1 Esekla the Sneak (level 1, 0/16 HPs)
             Began as an Octopode Delver on Feb 8, 2024.
             Slain by a jackal (3 damage)
             ... on level 5 of the Dungeon.
             The game lasted 00:02:08 (135 turns).

Esekla the Sneak (Octopode Delver)                   Turns: 135, Time: 00:02:08

Health: 0/16       AC:  1    Str: 11    XL:     1   Next: 20%
Magic:  1/1        EV: 13    Int: 12    God:
Gold:   6          SH:  0    Dex: 13    Spells: 0/0 levels left

rFire   . . .        a - +0 falchion
rCold   . . .        (no shield)
rNeg    . . .        (helmet restricted)
rPois   .            (no amulet)
rElec   .            (no ring)
rCorr   .            (no ring)
SInv    .            (no ring)
Will    .....        (no ring)
Stlth   ++++         (no ring)
HPRegen 0.22/turn    (no ring)
MPRegen 0.07/turn    (no ring)
                     (no ring)

%: no passive effects
@: no status effects
A: almost no armour, amphibious, 8 rings, camouflage 1, gelatinous body 1,
(nimble swimmer 1), tentacles
a: no special abilities


You were on level 5 of the Dungeon.
You visited 1 branch of the dungeon, and saw 1 of its levels.

You collected 6 gold pieces.

Inventory:

Hand Weapons
 a - a +0 falchion (weapon)
Wands
 f - a wand of digging (3)
Scrolls
 b - a scroll of fog
 c - a scroll of identify {unknown}
 g - a scroll of enchant weapon {unknown}
Potions
 e - a potion of haste


   Skills:
 + Level 3.0 Fighting
 + Level 2.0 Long Blades
 + Level 2.0 Dodging
 + Level 6.7 Stealth


You couldn't memorise any spells.
You didn't know any spells.
Your spell library was empty.

Dungeon Overview and Level Annotations

Branches:
Dungeon (5/15)             Temple (0/1) D:5

Altars:


Innate Abilities, Weirdness & Mutations

You cannot wear most types of armour.
You are amphibious.
You can wear up to eight rings at the same time.
Your skin changes colour to match your surroundings (Stealth+).
Your rubbery body absorbs attacks. (AC +1, EV +1)
((You are camouflaged when in or above water. (Stealth+)))
You have tentacles for arms and can constrict up to eight enemies at once.


Message History

The centaur hits you. The centaur closely misses you.
As you read the scroll of fear, it crumbles to dust.
You assume a fearsome visage.
The iguana looks frightened!
The centaur looks frightened!
A phantom comes into view.
Found a fizzy brown potion.
A jackal comes into view.
The jackal moves out of view.
A jackal comes into view.
You start waiting.
A jackal is nearby!
You start waiting.
A jackal is nearby!
The jackal barks!
You hear a shout!
The jackal bites you. The jackal attacks as it pursues you!
The jackal bites you. The jackal barely misses you.
The jackal barks!
You hear a shout!
The jackal attacks as it pursues you! The jackal bites you.
The jackal closely misses you. The jackal attacks as it pursues you!
The jackal bites you. The jackal barely misses you.
The jackal attacks as it pursues you! The jackal bites you. x2
* * * LOW HITPOINT WARNING * * *
The jackal attacks as it pursues you! The jackal misses you.
You hit the jackal but do no damage. Your grab misses the jackal.
The jackal barely misses you. The jackal bites you.
* * * LOW HITPOINT WARNING * * *
You closely miss the jackal. Your grab misses the jackal.
Your squeeze misses the jackal. The jackal closely misses you.
You closely miss the jackal. You grab the jackal. You constrict the jackal.
The jackal bites you.
* * * LOW HITPOINT WARNING * * *
The jackal misses you.
You hit the jackal.
You kill the jackal!
The jackal barely misses you.
You closely miss the jackal. You grab the jackal.
You constrict the jackal, but do no damage.
The jackal bites you.
You die...

,,,,,*,,,,,,,,,*,,,,,**** #.#***#
,,,,,*,,,....,,#.....# #.#####
,,,,*,*,,......#.....### #.#....
,,,,,,,,,......#.....#### #.#.###
,,,,*,*,,......#.....#### #.#.#<#
,,,,,*,,,......#.....#### #.#.#..
,,,,,*,,,......#.....######......
,,,,***ß,..ß.........#####..#...#
,,,,,*,,,ß....##@#########..#####
,,,,,*,,,.....##h#########.......
,,,,,*,,,.....##...........######
,,,,*,*,,.....####.>.............
,,,*,*,*,.....##.................
,,*,*,*,*.....##............##...
,*,**,**,#....##............#**..
*,***,***.#...##.............#**.
,** *,* *#.#..##.....?.(......#**


You could see a jackal.

Vanquished Creatures
  A jackal (D:5)
1 creature vanquished.

Notes
Turn   | Place    | Note
-------+----------+-------------------------------------------
     0 | D:5      | Esekla the Octopode Delver began the quest for the Orb.
     0 | D:5      | Reached XP level 1. HP: 16/16 MP: 1/1
    40 | D:5      | Noticed an iguana
    50 | D:5      | Found a staircase to the Ecumenical Temple.
    52 | D:5      | Noticed a centaur
    54 | D:5      | Noticed a jelly
    78 | D:5      | Noticed a phantom
   135 | D:5      | Slain by a jackal

Illustrated notes

Levels and vault maps discovered:
D:5:      wad_pebble_path, layout_basic, minmay_temple_entry_large_hall,
          chequers_serial_rivers_room_b, minivault_19, uniq_pikel,
          uniq_eustachio, uniq_blork_the_orc, uniq_edmund

Action                     || total
---------------------------++-------
  Melee: Falchion          ||     5
         Constrict         ||     2
    Use: Scroll            ||     2
 Armour: Skin              ||    11
  Dodge: Dodged            ||    10

Table legend: (Time is in decaauts)
 A = Elapsed time spent in this place.
 B = Non-inter-level travel time spent in this place.
 C = Inter-level travel time spent in this place.
 D = Time resting spent in this place.
 E = Time spent auto-exploring this place.
 F = Levels seen in this place.
 G = Mean time per level.
                   A        B        C        D        E       F      G
               +--------+--------+--------+--------+--------+-----+--------+
         Total |    135 |    135 |      0 |     12 |      0 |   1 |  135.0 |
       Dungeon |    135 |    135 |      0 |     12 |      0 |   1 |  135.0 |
               +--------+--------+--------+--------+--------+-----+--------+

Top non-repeatable levels by time:
     D:5: 135 daAuts
